NULL
Full Scoreboard »»

Lightning vs Red Wings

Created - May 6, 2023 at 23:00

Goals
1 2 3 T
Lightning 0 2 1 3
Red Wings 0 0 1 1
Shots
1 2 3 T
Lightning 10 28 7 45
Red Wings 9 6 9 24

GoalsPenalties
1st period
No Goal
Marcus Foligno (DET) for Fighting (Major) at 0:37
Cutter Gauthier (TBL) for Fighting (Major) at 0:37
Daniel Sprong (DET) for Roughing (Minor) at 17:56
2nd period
1. Lightning , William Carrier 1 (Warren Foegele 1) at 11:55
2. Lightning , Alexander Kerfoot 1 (Warren Foegele 2, Martin Necas 2) at 18:58
Erik Cernak (TBL) for Slashing (Minor) at 3:18
Ben Chiarot (DET) for Hooking (Minor) at 8:21
3rd period
3. Red Wings , Teuvo Teravainen 1 (Ryan Johansen 1, Kevin Hayes 1) at 7:41 (PP)
4. Lightning , Victor Hedman 2 (Logan Couture 2, Alex Tuch 2) at 18:52 (PP)
Torey Krug (DET) for Holding (Minor) at 0:40
Nicolas Deslauriers (TBL) for Tripping (Minor) at 7:28
Ilya Mikheyev (DET) for Fighting (Major) at 11:11
Vladislav Namestnikov (TBL) for Fighting (Major) at 11:11
Travis Hamonic (DET) for Holding (Minor) at 18:43
Goalie Stats
Linus Ullmark (TBL), 23 saves from 24 shots - (0.958), W, 2-0-1, 60:00 minutes
John Gibson (DET), 42 saves from 45 shots - (0.933), L, 1-1-1, 60:00 minutes
3 StarsOfficial
1 - Warren Foegele (TBL)
2 - William Carrier (TBL)
3 - Linus Ullmark (TBL)
Referees : Unknown
Linesman : Unknown
Game Note
Marcus Foligno beats up Cutter Gauthier at 0:37 of 1st period
Ilya Mikheyev beats up Vladislav Namestnikov at 11:11 of 3rd period



Team Name Goals Shots Shots Attemp Shots Blocked PIM HIT PP PK FO%
Lightning 345811414271 / 4 (25%)154%
Red Wings 124581218261 / 2 (50%)146%

Lightning
Player Name POS G A P +/- PIM HIT SHT SB MP PP MP PP SHT PK MP PK SHT FO% FOT GA TA
Adam FoxD0000012024:454:1600:3600% 010
Alex TuchLW/RW0110038019:313:3430:0300% 100
Alexander KerfootC/LW1011012017:372:2200:47038% 1320
Cutter GauthierLW0000523018:213:3400:3800% 200
Dmitry KulikovD0001010014:080:0000:5900% 000
Erik CernakD0001221119:200:0000:1300% 003
Logan CoutureC/LW0110018019:293:3610:05060% 2500
Martin NecasC/LW/RW0111032116:362:2210:0000% 100
Matt GrzelcykD0001020115:101:5001:0000% 000
Nico SturmC/LW/RW000000008:510:1000:00080% 500
Nicolas DeslauriersLW/RW000021008:470:0700:0000% 000
Paul ByronC/LW/RW000000008:410:0000:0000% 012
Ryan PulockD0000023223:501:5001:3600% 010
Teddy BluegerC0000012217:072:2201:20056% 1601
Victor HedmanD1011005223:074:1620:0000% 000
Vladislav NamestnikovC/LW/RW0001512111:340:0000:1100% 000
Warren FoegeleC/LW/RW0222032216:120:1100:000100% 200
William CarrierLW1011035214:380:0001:2000% 000
Red Wings
Player Name POS G A P +/- PIM HIT SHT SB MP PP MP PP SHT PK MP PK SHT FO% FOT GA TA
Artem ZubD000-1001322:111:3202:5400% 000
Ben ChiarotD0000210119:290:0002:3300% 000
Brayden PointC/RW0000034015:461:0210:00054% 1300
Charlie McAvoyD000-1002020:240:4002:2200% 011
Daniel SprongLW/RW000021108:110:0000:00050% 200
Drake BathersonC/RW0000020115:461:0200:0000% 010
Ilya MikheyevLW/RW000-2533216:200:0002:59150% 210
Jordan GreenwayLW000000107:450:0000:0000% 010
Kevin HayesC/LW/RW0110020015:301:1000:0000% 000
Marcus FolignoC/LW/RW0000530114:381:0200:0000% 101
Mario FerraroD0000020218:491:3200:4800% 002
Nic DowdC/RW000-2023017:510:0003:07114% 700
Nicolas RoyC/RW000-2030017:230:0002:59057% 2110
Philip TomasinoRW0000001013:070:0003:07025% 800
Ryan JohansenC/RW0110012015:301:1000:00055% 1100
Teuvo TeravainenC/LW/RW1010023015:301:1010:0000% 011
Torey KrugD000-1213118:360:4000:0000% 000
Travis HamonicD000-1200121:020:0003:3500% 000

Lightning

5 vs 5 Forward
Line #Left WingCenterRight WingPHYDFOFWanted %Time %Time Play
1Cutter GauthierLogan CoutureAlex Tuch1133431%15:50
2Martin NecasAlexander KerfootWarren Foegele1133228%14:14
3William CarrierTeddy BluegerVladislav Namestnikov2212425%12:57
4Nicolas DeslauriersNico SturmPaul Byron1221017%8:41
5 vs 5 Defense
Line #DefenseDefensePHYDFOFWanted %Time %Time Play
1Victor HedmanErik Cernak1223737%18:58
2Adam FoxRyan Pulock1223738%19:29
3Dmitry KulikovMatt Grzelcyk1222624%12:27
4Victor HedmanAdam Fox12202%0:48
Power Play Forward
Line #Left WingCenterRight WingPHYDFOFWanted %Time %Time Play
1Cutter GauthierLogan CoutureAlex Tuch1225559%3:37
2Alexander KerfootTeddy BluegerMartin Necas1224541%2:29
Power Play Defense
Line #DefenseDefensePHYDFOFWanted %Time %Time Play
1Victor HedmanAdam Fox1226070%4:16
2Ryan PulockMatt Grzelcyk1224030%1:50
Penalty Kill 4 Players Forward
Line #CenterWingPHYDFOFWanted %Time %Time Play
1Teddy BluegerWilliam Carrier1226092%2:01
2Alexander KerfootVladislav Namestnikov122408%0:11
Penalty Kill 4 Players Defense
Line #DefenseDefensePHYDFOFWanted %Time %Time Play
1Ryan PulockErik Cernak1225573%1:36
2Adam FoxDmitry Kulikov1224527%0:36
Penalty Kill 3 Players
Line #WingPHYDFOFWanted %Time %Time PlayDefenseDefensePHYDFOFWanted %Time %Time Play
1Teddy Blueger122500%0:00 Ryan PulockAdam Fox122500%0:00
2Logan Couture122500%0:00 Erik CernakVictor Hedman122500%0:00
4 vs 4 Forward
Line #CenterWingPHYDFOFWanted %Time %Time Play
1Teddy BluegerWilliam Carrier122500%0:00
2Alexander KerfootWarren Foegele122500%0:00
4 vs 4 Defense
Line #DefensePHYDFOFWanted %Time %Time Play
1Erik CernakDmitry Kulikov122500%0:00
2Matt GrzelcykRyan Pulock122500%0:00
Last Minutes Offensive
Left WingCenterRight WingDefenseDefense
Cutter GauthierLogan CoutureAlex TuchVictor HedmanAdam Fox
Last Minutes Defensive
Left WingCenterRight WingDefenseDefense
Logan CoutureTeddy BluegerAlexander KerfootRyan PulockAdam Fox
Time
Total ForwardTotal DefenseLast Minutes OffensiveLast Minutes Defensive
60:00 60:00 0:000:00
Extra Forwards
Normal PowerPlayPenalty Kill
Warren Foegele, Alexander Kerfoot, Teddy BluegerWarren Foegele, Alexander KerfootTeddy Blueger
Extra Defensemen
Normal PowerPlayPenalty Kill
Dmitry Kulikov, Matt Grzelcyk, Ryan PulockDmitry Kulikov, Matt GrzelcykRyan Pulock
Penalty Shots
Cutter Gauthier, Logan Couture, Alex Tuch, Victor Hedman, Adam Fox
Goalie
Linus Ullmark, Anthony Stolarz
Custom OT Lines Forwards
Logan Couture, Alex Tuch, Martin Necas, Cutter Gauthier, Alexander Kerfoot, Teddy Blueger, Warren Foegele, William Carrier, Vladislav Namestnikov, Nicolas Deslauriers
Custom OT Lines Defensemen
Victor Hedman, Adam Fox, Ryan Pulock, Erik Cernak, Dmitry Kulikov
Scratches
Axel Rindell (Healthy), Grant Silianoff (Healthy)

Red Wings

5 vs 5 Forward
Line #Left WingCenterRight WingPHYDFOFWanted %Time %Time Play
1Marcus FolignoBrayden PointDrake Batherson1133029%14:53
2Teuvo TeravainenRyan JohansenKevin Hayes1133029%14:49
3Ilya MikheyevNicolas RoyNic Dowd1223028%14:15
4Jordan GreenwayPhilip TomasinoDaniel Sprong1221015%7:45
5 vs 5 Defense
Line #DefenseDefensePHYDFOFWanted %Time %Time Play
1Charlie McAvoyTorey Krug1223433%17:19
2Ben ChiarotMario Ferraro1223334%17:22
3Artem ZubTravis Hamonic1223332%16:47
4Charlie McAvoyTorey Krug12200%0:14
Power Play Forward
Line #Left WingCenterRight WingPHYDFOFWanted %Time %Time Play
1Marcus FolignoBrayden PointDrake Batherson1225047%1:02
2Teuvo TeravainenRyan JohansenKevin Hayes1225053%1:10
Power Play Defense
Line #DefenseDefensePHYDFOFWanted %Time %Time Play
1Charlie McAvoyTorey Krug1225030%0:40
2Artem ZubMario Ferraro1225070%1:32
Penalty Kill 4 Players Forward
Line #CenterWingPHYDFOFWanted %Time %Time Play
1Nicolas RoyIlya Mikheyev1225049%2:59
2Nic DowdPhilip Tomasino1225051%3:07
Penalty Kill 4 Players Defense
Line #DefenseDefensePHYDFOFWanted %Time %Time Play
1Travis HamonicBen Chiarot1226074%4:32
2Artem ZubCharlie McAvoy1224026%1:34
Penalty Kill 3 Players
Line #WingPHYDFOFWanted %Time %Time PlayDefenseDefensePHYDFOFWanted %Time %Time Play
1Brayden Point122500%0:00 Charlie McAvoyTorey Krug122500%0:00
2Drake Batherson122500%0:00 Ben ChiarotMario Ferraro122500%0:00
4 vs 4 Forward
Line #CenterWingPHYDFOFWanted %Time %Time Play
1Brayden PointDrake Batherson122500%0:00
2Ryan JohansenMarcus Foligno122500%0:00
4 vs 4 Defense
Line #DefensePHYDFOFWanted %Time %Time Play
1Charlie McAvoyTorey Krug122500%0:00
2Ben ChiarotMario Ferraro122500%0:00
Last Minutes Offensive
Left WingCenterRight WingDefenseDefense
Marcus FolignoBrayden PointDrake BathersonCharlie McAvoyTorey Krug
Last Minutes Defensive
Left WingCenterRight WingDefenseDefense
Marcus FolignoBrayden PointDrake BathersonCharlie McAvoyTorey Krug
Time
Total ForwardTotal DefenseLast Minutes OffensiveLast Minutes Defensive
60:00 60:00 0:000:00
Extra Forwards
Normal PowerPlayPenalty Kill
Philip Tomasino, Ilya Mikheyev, Nicolas RoyPhilip Tomasino, Ilya MikheyevNicolas Roy
Extra Defensemen
Normal PowerPlayPenalty Kill
Artem Zub, Travis Hamonic, Ben ChiarotArtem Zub, Travis HamonicBen Chiarot
Penalty Shots
Brayden Point, Drake Batherson, Ryan Johansen, Marcus Foligno, Teuvo Teravainen
Goalie
John Gibson, Casey Desmith
Custom OT Lines Forwards
Brayden Point, Drake Batherson, Ryan Johansen, Marcus Foligno, Teuvo Teravainen, Kevin Hayes, Ilya Mikheyev, Nicolas Roy, Jordan Greenway, Nic Dowd
Custom OT Lines Defensemen
Charlie McAvoy, Torey Krug, Ben Chiarot, Mario Ferraro, Artem Zub
Scratches
Benoit-Olivier Groulx (Healthy), Jordan Spence (Healthy)


Play-by-Play

1st period


0:01 of 1st period - Brayden Point wins face-off versus Logan Couture in neutral zone.
0:08 of 1st period - Snap shot by Brayden Point.
0:08 of 1st period - Stopped by Linus Ullmark without a rebound.
0:09 of 1st period - Brayden Point wins face-off versus Logan Couture in Lightning zone.
0:14 of 1st period - Backhand shot by Brayden Point.
0:14 of 1st period - Stopped by Linus Ullmark with a rebound.
0:37 of 1st period - Marcus Foligno beats up Cutter Gauthier.
0:37 of 1st period - Penalty to Marcus Foligno for Fighting.
0:37 of 1st period - Penalty to Cutter Gauthier for Fighting.
0:38 of 1st period - Ryan Johansen wins face-off versus Alexander Kerfoot in Red Wings zone.
1:43 of 1st period - Icing by Logan Couture.
1:44 of 1st period - Logan Couture wins face-off versus Ryan Johansen in Lightning zone.
3:17 of 1st period - Slapshot by Logan Couture.
3:17 of 1st period - Stopped by John Gibson without a rebound.
3:18 of 1st period - Brayden Point wins face-off versus Teddy Blueger in Red Wings zone.
3:32 of 1st period - Slapshot by Adam Fox.
3:32 of 1st period - Deflect By William Carrier.
3:32 of 1st period - Stopped by John Gibson with a rebound.
3:51 of 1st period - Snap shot by Warren Foegele.
3:51 of 1st period - Shot Blocked by Ilya Mikheyev.
4:07 of 1st period - Wrist shot by Teuvo Teravainen.
4:07 of 1st period - Shot Misses the Net.
4:09 of 1st period - Backhand shot by Charlie McAvoy.
4:09 of 1st period - Stopped by Linus Ullmark with a rebound.
4:22 of 1st period - Off-side.
4:23 of 1st period - Nico Sturm wins face-off versus Philip Tomasino in neutral zone.
4:26 of 1st period - Slapshot by Adam Fox.
4:26 of 1st period - Shot Blocked by Mario Ferraro.
4:31 of 1st period - Off-side.
4:32 of 1st period - Nic Dowd wins face-off versus Alexander Kerfoot in neutral zone.
4:57 of 1st period - Adam Fox is hit by Ben Chiarot and loses puck.
5:02 of 1st period - Snap shot by Kevin Hayes.
5:02 of 1st period - Shot Misses the Net.
5:04 of 1st period - Slapshot by Torey Krug.
5:04 of 1st period - Deflect By Adam Fox.
5:04 of 1st period - Stopped by Linus Ullmark with a rebound.
5:26 of 1st period - Snap shot by Logan Couture.
5:26 of 1st period - Stopped by John Gibson with a rebound.
5:28 of 1st period - Wrist shot by Logan Couture.
5:28 of 1st period - Stopped by John Gibson with a rebound.
5:47 of 1st period - Off-side.
5:48 of 1st period - Logan Couture wins face-off versus Ryan Johansen in neutral zone.
5:51 of 1st period - Snap shot by Cutter Gauthier.
5:51 of 1st period - Shot Hit the Post.
6:45 of 1st period - Snap shot by Drake Batherson.
6:45 of 1st period - Deflect By Marcus Foligno.
6:45 of 1st period - Shot Misses the Net.
6:45 of 1st period - Puck is out of play.
6:46 of 1st period - Ryan Johansen wins face-off versus Alexander Kerfoot in Lightning zone.
6:59 of 1st period - Wrist shot by Ryan Johansen.
6:59 of 1st period - Shot Blocked by Martin Necas.
7:26 of 1st period - Marcus Foligno is hit by William Carrier and loses puck.
7:37 of 1st period - Slapshot by Ilya Mikheyev.
7:37 of 1st period - Stopped by Linus Ullmark without a rebound.
7:38 of 1st period - Nicolas Roy wins face-off versus Logan Couture in Lightning zone.
7:49 of 1st period - Slapshot by Ilya Mikheyev.
7:49 of 1st period - Stopped by Linus Ullmark without a rebound.
7:50 of 1st period - Nicolas Roy wins face-off versus Alexander Kerfoot in Lightning zone.
7:53 of 1st period - Slapshot by Ilya Mikheyev.
7:53 of 1st period - Shot Blocked by Warren Foegele.
7:55 of 1st period - Slapshot by Nicolas Roy.
7:55 of 1st period - Shot Blocked by Victor Hedman.
8:39 of 1st period - Slapshot by Torey Krug.
8:39 of 1st period - Shot Blocked by Teddy Blueger.
9:39 of 1st period - Alexander Kerfoot is hit by Teuvo Teravainen and loses puck.
9:46 of 1st period - Snap shot by Teuvo Teravainen.
9:46 of 1st period - Stopped by Linus Ullmark without a rebound.
9:47 of 1st period - Brayden Point wins face-off versus Logan Couture in Lightning zone.
9:58 of 1st period - Snap shot by Cutter Gauthier.
9:58 of 1st period - Stopped by John Gibson with a rebound.
10:51 of 1st period - Snap shot by Logan Couture.
10:51 of 1st period - Stopped by John Gibson without a rebound.
10:52 of 1st period - Philip Tomasino wins face-off versus Logan Couture in Red Wings zone.
10:52 of 1st period - Philip Tomasino is hit by Alex Tuch.
11:18 of 1st period - Alexander Kerfoot is hit by Drake Batherson and loses puck.
11:47 of 1st period - William Carrier is hit by Nic Dowd and loses puck.
12:26 of 1st period - Snap shot by Alex Tuch.
12:26 of 1st period - Shot Misses the Net.
12:28 of 1st period - Slapshot by Ryan Pulock.
12:28 of 1st period - Stopped by John Gibson with a rebound.
12:30 of 1st period - Slapshot by Adam Fox.
12:30 of 1st period - Stopped by John Gibson without a rebound.
12:31 of 1st period - Brayden Point wins face-off versus Martin Necas in Red Wings zone.
12:31 of 1st period - Brayden Point is hit by Warren Foegele.
12:56 of 1st period - Ben Chiarot is hit by Dmitry Kulikov and loses puck.
13:05 of 1st period - Wrist shot by Ilya Mikheyev.
13:05 of 1st period - Shot Misses the Net.
13:15 of 1st period - Torey Krug is hit by William Carrier and loses puck.
13:55 of 1st period - Off-side.
13:56 of 1st period - Warren Foegele wins face-off versus Philip Tomasino in neutral zone.
13:59 of 1st period - Artem Zub is hit by Martin Necas and loses puck.
14:08 of 1st period - Snap shot by Jordan Greenway.
14:08 of 1st period - Shot Misses the Net.
14:10 of 1st period - Slapshot by Artem Zub.
14:10 of 1st period - Shot Blocked by Warren Foegele.
14:34 of 1st period - Wrist shot by Jordan Greenway.
14:34 of 1st period - Stopped by Linus Ullmark without a rebound.
14:35 of 1st period - Nicolas Roy wins face-off versus Logan Couture in Lightning zone.
14:42 of 1st period - Slapshot by Nicolas Roy.
14:42 of 1st period - Shot Misses the Net.
15:37 of 1st period - Slapshot by Victor Hedman.
15:37 of 1st period - Shot Misses the Net.
16:07 of 1st period - Nicolas Roy is hit by Matt Grzelcyk and loses puck.
16:33 of 1st period - Snap shot by Drake Batherson.
16:33 of 1st period - Shot Blocked by Teddy Blueger.
17:34 of 1st period - Wrist shot by Daniel Sprong.
17:34 of 1st period - Deflect By Alex Tuch.
17:34 of 1st period - Shot Misses the Net.
17:34 of 1st period - Puck is out of play.
17:35 of 1st period - Philip Tomasino wins face-off versus Logan Couture in Lightning zone.
17:56 of 1st period - Minor Penalty to Daniel Sprong for Roughing.
17:57 of 1st period - Logan Couture wins face-off versus Nicolas Roy in Red Wings zone.
18:00 of 1st period - Snap shot by Alex Tuch.
18:00 of 1st period - Stopped by John Gibson with a rebound.
18:24 of 1st period - Icing by Victor Hedman.
18:25 of 1st period - Teddy Blueger wins face-off versus Nic Dowd in Lightning zone.
18:58 of 1st period - Wrist shot by Ilya Mikheyev.
18:58 of 1st period - Stopped by Linus Ullmark with a rebound.
19:00 of 1st period - Backhand shot by Nicolas Roy.
19:00 of 1st period - Shot Misses the Net.
19:10 of 1st period - Wrist shot by Martin Necas.
19:10 of 1st period - Stopped by John Gibson with a rebound.
19:12 of 1st period - Snap shot by Victor Hedman.
19:12 of 1st period - Shot Hit the Post.
19:56 of 1st period - Penalty to Daniel Sprong is over, Daniel Sprong is back on ice.
Goals for this period are 0 for Lightning vs 0 for Red Wings.
Shots for this period are 10 for Lightning vs 9 for Red Wings.

2nd period


0:01 of 2nd period - Ryan Johansen wins face-off versus Alexander Kerfoot in neutral zone.
0:26 of 2nd period - Erik Cernak is hit by Marcus Foligno and loses puck.
0:33 of 2nd period - Alex Tuch is hit by Marcus Foligno and loses puck.
0:45 of 2nd period - Icing by Brayden Point.
0:46 of 2nd period - Teddy Blueger wins face-off versus Nicolas Roy in Red Wings zone.
0:47 of 2nd period - Slapshot by Adam Fox.
0:47 of 2nd period - Shot Misses the Net.
0:55 of 2nd period - Teddy Blueger is hit by Nic Dowd and loses puck.
1:16 of 2nd period - Snap shot by Martin Necas.
1:16 of 2nd period - Stopped by John Gibson with a rebound.
1:18 of 2nd period - Wrist shot by Warren Foegele.
1:18 of 2nd period - Deflect By Alexander Kerfoot.
1:18 of 2nd period - Stopped by John Gibson with a rebound.
1:20 of 2nd period - Snap shot by Warren Foegele.
1:20 of 2nd period - Shot Misses the Net.
1:22 of 2nd period - Wrist shot by Alexander Kerfoot.
1:22 of 2nd period - Shot Misses the Net.
1:24 of 2nd period - Snap shot by Martin Necas.
1:24 of 2nd period - Shot Misses the Net.
1:43 of 2nd period - Slapshot by Victor Hedman.
1:43 of 2nd period - Stopped by John Gibson without a rebound.
1:44 of 2nd period - Brayden Point wins face-off versus Cutter Gauthier in Red Wings zone.
2:09 of 2nd period - Nic Dowd is hit by Warren Foegele and loses puck.
2:30 of 2nd period - Wrist shot by Nic Dowd.
2:30 of 2nd period - Stopped by Linus Ullmark with a rebound.
2:38 of 2nd period - Torey Krug is hit by Matt Grzelcyk and loses puck.
3:13 of 2nd period - Wrist shot by Drake Batherson.
3:13 of 2nd period - Shot Misses the Net.
3:15 of 2nd period - Slapshot by Charlie McAvoy.
3:15 of 2nd period - Deflect By Drake Batherson.
3:15 of 2nd period - Shot Misses the Net.
3:15 of 2nd period - Puck is out of play.
3:16 of 2nd period - Logan Couture wins face-off versus Marcus Foligno in Lightning zone.
3:18 of 2nd period - Minor Penalty to Erik Cernak for Slashing.
3:19 of 2nd period - Brayden Point wins face-off versus Teddy Blueger in Lightning zone.
3:33 of 2nd period - Wrist shot by Brayden Point.
3:33 of 2nd period - Stopped by Linus Ullmark without a rebound.
3:34 of 2nd period - Ryan Johansen wins face-off versus Teddy Blueger in Lightning zone.
4:31 of 2nd period - Alexander Kerfoot is hit by Ryan Johansen and loses puck.
5:18 of 2nd period - Penalty to Erik Cernak is over, Erik Cernak is back on ice.
5:38 of 2nd period - Snap shot by William Carrier.
5:38 of 2nd period - Stopped by John Gibson without a rebound.
5:39 of 2nd period - Nico Sturm wins face-off versus Philip Tomasino in Red Wings zone.
5:52 of 2nd period - Slapshot by Victor Hedman.
5:52 of 2nd period - Shot Blocked by Mario Ferraro.
6:04 of 2nd period - Victor Hedman is hit by Ilya Mikheyev and loses puck.
6:27 of 2nd period - Wrist shot by Brayden Point.
6:27 of 2nd period - Stopped by Linus Ullmark without a rebound.
6:28 of 2nd period - Logan Couture wins face-off versus Brayden Point in Lightning zone.
6:28 of 2nd period - Logan Couture is hit by Brayden Point.
6:39 of 2nd period - Travis Hamonic is hit by Logan Couture and loses puck.
7:03 of 2nd period - Off-side.
7:04 of 2nd period - Ryan Johansen wins face-off versus Teddy Blueger in neutral zone.
7:29 of 2nd period - Dmitry Kulikov is hit by Ilya Mikheyev.
8:09 of 2nd period - Wrist shot by Erik Cernak.
8:09 of 2nd period - Stopped by John Gibson without a rebound.
8:10 of 2nd period - Nico Sturm wins face-off versus Philip Tomasino in Red Wings zone.
8:10 of 2nd period - Nico Sturm is hit by Mario Ferraro.
8:12 of 2nd period - Slapshot by Victor Hedman.
8:12 of 2nd period - Deflect By Nico Sturm.
8:12 of 2nd period - Shot Misses the Net.
8:12 of 2nd period - Puck is out of play.
8:13 of 2nd period - Nico Sturm wins face-off versus Philip Tomasino in Red Wings zone.
8:14 of 2nd period - Slapshot by Victor Hedman.
8:14 of 2nd period - Shot Blocked by Ben Chiarot.
8:21 of 2nd period - Minor Penalty to Ben Chiarot for Hooking.
8:22 of 2nd period - Logan Couture wins face-off versus Nic Dowd in Red Wings zone.
8:27 of 2nd period - Wrist shot by Alex Tuch.
8:27 of 2nd period - Stopped by John Gibson without a rebound.
8:28 of 2nd period - Logan Couture wins face-off versus Nic Dowd in Red Wings zone.
8:53 of 2nd period - Slapshot by Victor Hedman.
8:53 of 2nd period - Deflect By Travis Hamonic.
8:53 of 2nd period - Stopped by John Gibson with a rebound.
9:41 of 2nd period - Slapshot by Victor Hedman.
9:41 of 2nd period - Shot Misses the Net.
10:21 of 2nd period - Penalty to Ben Chiarot is over, Ben Chiarot is back on ice.
10:59 of 2nd period - Victor Hedman is hit by Marcus Foligno and loses puck.
11:37 of 2nd period - Cutter Gauthier is hit by Nicolas Roy and loses puck.
11:50 of 2nd period - Torey Krug is hit by Warren Foegele and loses puck.
11:55 of 2nd period - Snap shot by William Carrier.
11:55 of 2nd period - Goal by William Carrier - Lightning : 1 - Red Wings : 0.
11:56 of 2nd period - Alexander Kerfoot wins face-off versus Ryan Johansen in neutral zone.
11:56 of 2nd period - Martin Necas is hit by Teuvo Teravainen and loses puck.
12:01 of 2nd period - Ryan Johansen is hit by Martin Necas.
12:24 of 2nd period - Slapshot by Alex Tuch.
12:24 of 2nd period - Shot Misses the Net.
12:26 of 2nd period - Slapshot by Alex Tuch.
12:26 of 2nd period - Shot Blocked by Travis Hamonic.
12:28 of 2nd period - Slapshot by Alex Tuch.
12:28 of 2nd period - Stopped by John Gibson with a rebound.
12:30 of 2nd period - Slapshot by Ryan Pulock.
12:30 of 2nd period - Deflect By Alex Tuch.
12:30 of 2nd period - Stopped by John Gibson with a rebound.
12:32 of 2nd period - Slapshot by Adam Fox.
12:32 of 2nd period - Shot Blocked by Artem Zub.
12:34 of 2nd period - Slapshot by Logan Couture.
12:34 of 2nd period - Stopped by John Gibson with a rebound.
12:53 of 2nd period - Snap shot by William Carrier.
12:53 of 2nd period - Shot Misses the Net.
13:07 of 2nd period - Snap shot by Daniel Sprong.
13:07 of 2nd period - Stopped by Linus Ullmark with a rebound.
13:27 of 2nd period - Ryan Johansen is hit by Alex Tuch.
13:33 of 2nd period - Snap shot by Teuvo Teravainen.
13:33 of 2nd period - Stopped by Linus Ullmark without a rebound.
13:34 of 2nd period - Ryan Johansen wins face-off versus Logan Couture in Lightning zone.
13:35 of 2nd period - Snap shot by Teuvo Teravainen.
13:35 of 2nd period - Deflect By Ryan Johansen.
13:35 of 2nd period - Stopped by Linus Ullmark with a rebound.
13:55 of 2nd period - Wrist shot by Alex Tuch.
13:55 of 2nd period - Shot Misses the Net.
14:35 of 2nd period - Slapshot by Alex Tuch.
14:35 of 2nd period - Shot Misses the Net.
14:37 of 2nd period - Wrist shot by Logan Couture.
14:37 of 2nd period - Stopped by John Gibson with a rebound.
15:09 of 2nd period - Slapshot by Cutter Gauthier.
15:09 of 2nd period - Shot Misses the Net.
15:11 of 2nd period - Snap shot by Logan Couture.
15:11 of 2nd period - Shot Misses the Net.
15:13 of 2nd period - Wrist shot by Cutter Gauthier.
15:13 of 2nd period - Stopped by John Gibson without a rebound.
15:14 of 2nd period - Nicolas Roy wins face-off versus Alexander Kerfoot in Red Wings zone.
15:19 of 2nd period - Snap shot by Victor Hedman.
15:19 of 2nd period - Shot Blocked by Torey Krug.
15:29 of 2nd period - Snap shot by Nicolas Roy.
15:29 of 2nd period - Shot Misses the Net.
16:04 of 2nd period - Slapshot by Alexander Kerfoot.
16:04 of 2nd period - Shot Blocked by Marcus Foligno.
16:06 of 2nd period - Slapshot by Warren Foegele.
16:06 of 2nd period - Stopped by John Gibson without a rebound.
16:07 of 2nd period - Teddy Blueger wins face-off versus Brayden Point in Red Wings zone.
16:20 of 2nd period - Snap shot by William Carrier.
16:20 of 2nd period - Stopped by John Gibson with a rebound.
16:22 of 2nd period - Backhand shot by Teddy Blueger.
16:22 of 2nd period - Stopped by John Gibson with a rebound.
16:51 of 2nd period - Icing by Ben Chiarot.
16:52 of 2nd period - Teddy Blueger wins face-off versus Brayden Point in Red Wings zone.
16:59 of 2nd period - Wrist shot by William Carrier.
16:59 of 2nd period - Shot Blocked by Drake Batherson.
17:01 of 2nd period - Slapshot by Victor Hedman.
17:01 of 2nd period - Stopped by John Gibson without a rebound.
17:02 of 2nd period - Teddy Blueger wins face-off versus Ilya Mikheyev in Red Wings zone.
17:07 of 2nd period - Snap shot by William Carrier.
17:07 of 2nd period - Stopped by John Gibson with a rebound.
17:11 of 2nd period - Wrist shot by William Carrier.
17:11 of 2nd period - Shot Misses the Net.
17:17 of 2nd period - Backhand shot by Teddy Blueger.
17:17 of 2nd period - Stopped by John Gibson with a rebound.
17:19 of 2nd period - Wrist shot by Vladislav Namestnikov.
17:19 of 2nd period - Stopped by John Gibson without a rebound.
17:20 of 2nd period - Alexander Kerfoot wins face-off versus Ryan Johansen in Red Wings zone.
17:23 of 2nd period - Snap shot by Martin Necas.
17:23 of 2nd period - Shot Misses the Net.
17:29 of 2nd period - Slapshot by Martin Necas.
17:29 of 2nd period - Shot Misses the Net.
17:36 of 2nd period - Off-side.
17:37 of 2nd period - Nicolas Roy wins face-off versus Alex Tuch in neutral zone.
17:46 of 2nd period - Slapshot by Cutter Gauthier.
17:46 of 2nd period - Deflect By Alex Tuch.
17:46 of 2nd period - Stopped by John Gibson without a rebound.
17:47 of 2nd period - Logan Couture wins face-off versus Nicolas Roy in Red Wings zone.
18:00 of 2nd period - Snap shot by Cutter Gauthier.
18:00 of 2nd period - Stopped by John Gibson with a rebound.
18:02 of 2nd period - Slapshot by Victor Hedman.
18:02 of 2nd period - Stopped by John Gibson with a rebound.
18:04 of 2nd period - Wrist shot by Cutter Gauthier.
18:04 of 2nd period - Shot Misses the Net.
18:06 of 2nd period - Snap shot by Victor Hedman.
18:06 of 2nd period - Shot Blocked by Ilya Mikheyev.
18:08 of 2nd period - Slapshot by Alex Tuch.
18:08 of 2nd period - Stopped by John Gibson without a rebound.
18:09 of 2nd period - Warren Foegele wins face-off versus Brayden Point in Red Wings zone.
18:38 of 2nd period - Ryan Johansen is hit by Vladislav Namestnikov and loses puck.
18:43 of 2nd period - Slapshot by Adam Fox.
18:43 of 2nd period - Stopped by John Gibson with a rebound.
18:45 of 2nd period - Snap shot by Ryan Pulock.
18:45 of 2nd period - Stopped by John Gibson without a rebound.
18:46 of 2nd period - Nicolas Roy wins face-off versus Alexander Kerfoot in Red Wings zone.
18:46 of 2nd period - Nic Dowd is hit by Alexander Kerfoot and loses puck.
18:56 of 2nd period - Snap shot by Warren Foegele.
18:56 of 2nd period - Stopped by John Gibson with a rebound.
18:58 of 2nd period - Snap shot by Alexander Kerfoot.
18:58 of 2nd period - Goal by Alexander Kerfoot - Lightning : 2 - Red Wings : 0.
18:59 of 2nd period - Alexander Kerfoot wins face-off versus Nicolas Roy in neutral zone.
19:24 of 2nd period - Charlie McAvoy is hit by Cutter Gauthier and loses puck.
19:52 of 2nd period - Vladislav Namestnikov is hit by Kevin Hayes.
Goals for this period are 2 for Lightning vs 0 for Red Wings.
Shots for this period are 28 for Lightning vs 6 for Red Wings.

3rd period


0:01 of 3rd period - Nicolas Roy wins face-off versus Alexander Kerfoot in neutral zone.
0:40 of 3rd period - Minor Penalty to Torey Krug for Holding.
0:41 of 3rd period - Logan Couture wins face-off versus Nic Dowd in Red Wings zone.
0:49 of 3rd period - Wrist shot by Nic Dowd.
0:49 of 3rd period - Stopped by Linus Ullmark without a rebound.
0:50 of 3rd period - Logan Couture wins face-off versus Nic Dowd in Lightning zone.
1:01 of 3rd period - Slapshot by Logan Couture.
1:01 of 3rd period - Deflect By Alex Tuch.
1:01 of 3rd period - Stopped by John Gibson without a rebound.
1:02 of 3rd period - Nicolas Roy wins face-off versus Cutter Gauthier in Red Wings zone.
2:40 of 3rd period - Penalty to Torey Krug is over, Torey Krug is back on ice.
2:44 of 3rd period - Torey Krug is hit by Adam Fox.
3:50 of 3rd period - Backhand shot by Ben Chiarot.
3:50 of 3rd period - Shot Blocked by Vladislav Namestnikov.
4:10 of 3rd period - Slapshot by Ryan Pulock.
4:10 of 3rd period - Deflect By Paul Byron.
4:10 of 3rd period - Shot Misses the Net.
4:10 of 3rd period - Puck is out of play.
4:11 of 3rd period - Ilya Mikheyev wins face-off versus Nico Sturm in Red Wings zone.
4:16 of 3rd period - Nico Sturm is hit by Daniel Sprong and loses puck.
4:37 of 3rd period - Alex Tuch is hit by Drake Batherson and loses puck.
5:02 of 3rd period - Drake Batherson is hit by William Carrier.
5:30 of 3rd period - Victor Hedman is hit by Kevin Hayes and loses puck.
6:05 of 3rd period - Snap shot by Jordan Greenway.
6:05 of 3rd period - Deflect By Philip Tomasino.
6:05 of 3rd period - Stopped by Linus Ullmark without a rebound.
6:06 of 3rd period - Daniel Sprong wins face-off versus Logan Couture in Lightning zone.
6:17 of 3rd period - Snap shot by Alex Tuch.
6:17 of 3rd period - Shot Blocked by Artem Zub.
6:21 of 3rd period - Snap shot by Alex Tuch.
6:21 of 3rd period - Stopped by John Gibson with a rebound.
6:28 of 3rd period - Icing by Artem Zub.
6:29 of 3rd period - Alexander Kerfoot wins face-off versus Nicolas Roy in Red Wings zone.
6:32 of 3rd period - Slapshot by Martin Necas.
6:32 of 3rd period - Shot Blocked by Artem Zub.
6:54 of 3rd period - Drake Batherson is hit by Alex Tuch and loses puck.
7:28 of 3rd period - Minor Penalty to Nicolas Deslauriers for Tripping.
7:29 of 3rd period - Teddy Blueger wins face-off versus Ryan Johansen in Lightning zone.
7:39 of 3rd period - Snap shot by Ryan Johansen.
7:39 of 3rd period - Shot Misses the Net.
7:41 of 3rd period - Snap shot by Teuvo Teravainen.
7:41 of 3rd period - Goal by Teuvo Teravainen - Lightning : 2 - Red Wings : 1.
7:42 of 3rd period - Logan Couture wins face-off versus Nic Dowd in neutral zone.
8:09 of 3rd period - Ryan Pulock is hit by Brayden Point and loses puck.
8:30 of 3rd period - Wrist shot by William Carrier.
8:30 of 3rd period - Shot Misses the Net.
8:32 of 3rd period - Slapshot by Ryan Pulock.
8:32 of 3rd period - Stopped by John Gibson with a rebound.
8:34 of 3rd period - Wrist shot by Vladislav Namestnikov.
8:34 of 3rd period - Stopped by John Gibson without a rebound.
8:35 of 3rd period - Nicolas Roy wins face-off versus Teddy Blueger in Red Wings zone.
8:40 of 3rd period - Ilya Mikheyev is hit by Erik Cernak and loses puck.
9:00 of 3rd period - Marcus Foligno is hit by Cutter Gauthier and loses puck.
9:07 of 3rd period - Slapshot by Travis Hamonic.
9:07 of 3rd period - Shot Misses the Net.
9:49 of 3rd period - Snap shot by Teuvo Teravainen.
9:49 of 3rd period - Shot Misses the Net.
9:51 of 3rd period - Slapshot by Ryan Johansen.
9:51 of 3rd period - Stopped by Linus Ullmark without a rebound.
9:52 of 3rd period - Nicolas Roy wins face-off versus Logan Couture in Lightning zone.
9:59 of 3rd period - Snap shot by Nicolas Roy.
9:59 of 3rd period - Shot Misses the Net.
10:01 of 3rd period - Slapshot by Travis Hamonic.
10:01 of 3rd period - Shot Blocked by Ryan Pulock.
10:03 of 3rd period - Wrist shot by Artem Zub.
10:03 of 3rd period - Shot Blocked by Ryan Pulock.
10:05 of 3rd period - Snap shot by Artem Zub.
10:05 of 3rd period - Stopped by Linus Ullmark with a rebound.
10:07 of 3rd period - Snap shot by Nic Dowd.
10:07 of 3rd period - Stopped by Linus Ullmark with a rebound.
11:00 of 3rd period - William Carrier is hit by Ilya Mikheyev and loses puck.
11:05 of 3rd period - Slapshot by Torey Krug.
11:05 of 3rd period - Stopped by Linus Ullmark without a rebound.
11:06 of 3rd period - Teddy Blueger wins face-off versus Nicolas Roy in Lightning zone.
11:06 of 3rd period - Teddy Blueger is hit by Nicolas Roy.
11:11 of 3rd period - Ilya Mikheyev beats up Vladislav Namestnikov.
11:11 of 3rd period - Penalty to Ilya Mikheyev for Fighting.
11:11 of 3rd period - Penalty to Vladislav Namestnikov for Fighting.
11:12 of 3rd period - Alexander Kerfoot wins face-off versus Nicolas Roy in Red Wings zone.
12:14 of 3rd period - Nicolas Roy is hit by Nicolas Deslauriers and loses puck.
12:35 of 3rd period - Off-side.
12:36 of 3rd period - Teddy Blueger wins face-off versus Philip Tomasino in neutral zone.
13:05 of 3rd period - Slapshot by Charlie McAvoy.
13:05 of 3rd period - Shot Misses the Net.
13:07 of 3rd period - Wrist shot by Philip Tomasino.
13:07 of 3rd period - Shot Misses the Net.
13:09 of 3rd period - Slapshot by Philip Tomasino.
13:09 of 3rd period - Shot Blocked by Matt Grzelcyk.
13:11 of 3rd period - Slapshot by Torey Krug.
13:11 of 3rd period - Stopped by Linus Ullmark without a rebound.
13:12 of 3rd period - Logan Couture wins face-off versus Daniel Sprong in Lightning zone.
13:37 of 3rd period - Travis Hamonic is hit by Ryan Pulock and loses puck.
14:14 of 3rd period - Paul Byron is hit by Nicolas Roy and loses puck.
14:59 of 3rd period - Snap shot by Logan Couture.
14:59 of 3rd period - Stopped by John Gibson with a rebound.
15:01 of 3rd period - Slapshot by Logan Couture.
15:01 of 3rd period - Deflect By Cutter Gauthier.
15:01 of 3rd period - Shot Misses the Net.
15:01 of 3rd period - Puck is out of play.
15:02 of 3rd period - Nicolas Roy wins face-off versus Teddy Blueger in Red Wings zone.
15:16 of 3rd period - Philip Tomasino is hit by Erik Cernak and loses puck.
15:27 of 3rd period - Victor Hedman is hit by Torey Krug and loses puck.
15:32 of 3rd period - Snap shot by Brayden Point.
15:32 of 3rd period - Shot Misses the Net.
15:34 of 3rd period - Backhand shot by Drake Batherson.
15:34 of 3rd period - Shot Blocked by Victor Hedman.
17:09 of 3rd period - Charlie McAvoy is hit by Teddy Blueger and loses puck.
17:22 of 3rd period - Ilya Mikheyev is hit by Martin Necas and loses puck.
17:31 of 3rd period - Icing by Victor Hedman.
17:32 of 3rd period - Logan Couture wins face-off versus Brayden Point in Lightning zone.
17:32 of 3rd period - Logan Couture is hit by Brayden Point.
17:37 of 3rd period - Off-side.
17:38 of 3rd period - Logan Couture wins face-off versus Brayden Point in neutral zone.
17:42 of 3rd period - Off-side.
17:43 of 3rd period - Nicolas Roy wins face-off versus Teddy Blueger in neutral zone.
17:46 of 3rd period - Slapshot by Charlie McAvoy.
17:46 of 3rd period - Stopped by Linus Ullmark with a rebound.
17:48 of 3rd period - Slapshot by Torey Krug.
17:48 of 3rd period - Shot Blocked by William Carrier.
18:43 of 3rd period - Minor Penalty to Travis Hamonic for Holding.
18:44 of 3rd period - Logan Couture wins face-off versus Nicolas Roy in Red Wings zone.
18:48 of 3rd period - Slapshot by Alex Tuch.
18:48 of 3rd period - Shot Misses the Net.
18:50 of 3rd period - Snap shot by Logan Couture.
18:50 of 3rd period - Stopped by John Gibson with a rebound.
18:52 of 3rd period - Slapshot by Victor Hedman.
18:52 of 3rd period - Goal by Victor Hedman - Lightning : 3 - Red Wings : 1.
18:53 of 3rd period - Teddy Blueger wins face-off versus Nicolas Roy in neutral zone.
18:55 of 3rd period - Victor Hedman is hit by Mario Ferraro and loses puck.
19:04 of 3rd period - Snap shot by Nicolas Roy.
19:04 of 3rd period - Shot Misses the Net.
19:06 of 3rd period - Snap shot by Ilya Mikheyev.
19:06 of 3rd period - Shot Blocked by Erik Cernak.
19:08 of 3rd period - Slapshot by Mario Ferraro.
19:08 of 3rd period - Shot Blocked by William Carrier.
19:43 of 3rd period - Drake Batherson is hit by Ryan Pulock and loses puck.
19:54 of 3rd period - Slapshot by Brayden Point.
19:54 of 3rd period - Shot Misses the Net.
Goals for this period are 1 for Lightning vs 1 for Red Wings.
Shots for this period are 7 for Lightning vs 9 for Red Wings.